 Dungeon Crawl Stone Soup version 0.18.1-8-gdd0e5ea (webtiles) character file.

176793 vale the Impaler (level 17, -7/142 HPs)
             Began as a Merfolk Wizard on May 28, 2016.
             Was a High Priest of Ashenzari.
             Mangled by a naga warrior
             ... wielding a +0 battleaxe
              (20 damage)
             ... on level 4 of the Snake Pit on May 29, 2016.
             The game lasted 03:51:08 (60308 turns).

vale the Impaler (Merfolk Wizard)                  Turns: 60308, Time: 03:51:09

Health: -7/142     AC: 16    Str:  7    XL:     17   Next: 84%
Magic:  12/31      EV: 23    Int: 27    God:    Ashenzari [*****.]
Gold:   734        SH:  0    Dex: 14    Spells: 12 memorised, 3 levels left

rFire  + . .     SeeInvis +     a - +3 glaive (curse)
rCold  + . .     Gourm    .     I - +0 steam dragon armour
rNeg   . . .     Faith    +     (shield currently unavailable)
rPois  +         Spirit   .     E - +2 hat (curse)
rElec  .         Dismiss  .     S - +2 cloak (curse)
rCorr  +         Reflect  .     e - +2 pair of gloves (curse)
SustAt .         Harm     .     k - +0 pair of boots
MR     ++...     Clarity  +     L - amulet "Zeihir" {Faith rPois rC+ Int+4} (curse)
Stlth  ++++......               Q - ring of resist corrosion
                                s - ring of protection from fire (curse)

@: drained, very resistant to hostile enchantments, stealthy
A: change form in water, swift swim, antennae 1, magic resistance 1
a: Curse Item, Scrying, Transfer Knowledge, Renounce Religion
}: 1/15 runes: decaying


You were on level 4 of the Snake Pit.
You worshipped Ashenzari.
Ashenzari was extremely pleased with you.
You were hungry.

You visited 5 branches of the dungeon, and saw 31 of its levels.
You also visited: Ossuary.

You collected 2590 gold pieces.
You spent 1856 gold pieces at shops.

Inventory:

Hand Weapons
 a - a cursed +3 glaive (weapon)
Missiles
 J - 2 throwing nets (quivered)
Armour
 e - a cursed +2 pair of gloves (worn)
 k - a +0 pair of boots (worn)
 E - a cursed +2 hat (worn)
 I - a +0 steam dragon armour (worn)
 S - a cursed +2 cloak (worn)
Jewellery
 f - an uncursed ring of flight
 s - a cursed ring of protection from fire (left hand)
 L - the cursed amulet "Zeihir" (around neck) {Faith rPois rC+ Int+4}
   (You bought it in a shop on level 13 of the Dungeon)

   [amulet of faith]

   It allows you to gain divine favour quickly.
   It affects your intelligence (+4).
   It protects you from cold.
   It protects you from poison.
   It has a curse placed upon it.
 Q - a ring of resist corrosion (right hand)
Wands
 i - a wand of digging (12/24)
 m - a wand of iceblast (7/15)
 o - a wand of lightning (10/15)
 v - a wand of confusion (45/48)
 G - a wand of disintegration (8/24)
 H - a wand of enslavement (9/24)
 O - a wand of teleportation (5/9)
 T - a wand of lightning (0/15)
 Z - a wand of paralysis (14/24)
Scrolls
 h - a scroll of enchant weapon
 j - a scroll of amnesia
 l - 7 scrolls of magic mapping
 p - a scroll of holy word
 r - 2 scrolls of summoning
 x - a scroll of fear
 y - 4 scrolls of remove curse
 B - 10 scrolls of teleportation
 D - 6 scrolls of recharging
 N - 3 scrolls of fog
 R - 6 scrolls of blinking
 U - a scroll of silence
 V - 5 scrolls of identify
Potions
 b - 2 potions of agility
 d - a potion of cancellation
 g - 3 potions of heal wounds
 n - 7 potions of flight
 t - 17 potions of curing
 A - 4 potions of haste
 C - 3 potions of magic
 F - 5 potions of might
 M - a potion of invisibility
 P - a potion of resistance
Miscellaneous
 Y - a sack of spiders {used: 1}
Comestibles
 c - a royal jelly
 q - 12 fruits
 w - 16 bread rations {@e1}


   Skills:
 * Level 15.5(15.2) Fighting
 - Level 16.2(20.4) Polearms
 - Level 5.8(5.5) Armour
 - Level 15.0(16.8) Dodging
 - Level 6.0(8.4) Stealth
 + Level 10.4(10.1) Spellcasting
 - Level 7.0(9.4) Conjurations
 - Level 4.4(6.7) Hexes
 - Level 4.9(7.2) Charms
 - Level 13.0(14.9) Summonings
 - Level 3.0(5.0) Translocations
 - Level 3.5(5.7) Ice Magic
 - Level 4.0(6.2) Air Magic
 - Level 2.6(4.5) Earth Magic


You had 3 spell levels left.
You knew the following spells:

 Your Spells              Type           Power        Failure   Level  Hunger
a - Magic Dart            Conj           ####         1%          1    None
c - Conjure Flame         Conj/Fire      #####...     1%          3    None
d - Mephitic Cloud        Conj/Pois/Air  #####...     1%          3    None
e - Call Imp              Summ           #######.     0%          2    None
f - Repel Missiles        Chrm/Air       ######       1%          2    None
h - Summon Ice Beast      Ice/Summ       ######..     1%          4    None
i - Stone Arrow           Conj/Erth      ######       1%          3    None
j - Summon Forest         Summ/Tloc      ######....   1%          5    ####...
k - Apportation           Tloc           #####.....   1%          1    None
m - Tukima's Dance        Hex            ######..     1%          3    None
o - Summon Lightning Spi  Summ/Air       ######..     1%          4    None
p - Blink                 Tloc           N/A          1%          2    None


Dungeon Overview and Level Annotations

Branches:
Dungeon (13/15)              Lair (8/8) D:9           Swamp (4/4) Lair:5
  Snake (4/4) Lair:3        Slime (0/6) Lair:7          Orc (2/2) D:9
    Elf (0/3) Orc:2
 Temple: D:4-7       Vaults: D:13-14

Altars:
Ashenzari
Gozag
Kikubaaqudgha
Nemelex Xobeh
Okawaru
Pakellas
Ru
Sif Muna
Xom
Yredelemnul
Beogh
Jiyva

Shops:
D:5 ?   D:8 *   D:13 =   Orc:2 :[*(   Snake:1 !!   Snake:4 %

Annotations:
D:3 Endobalistic's ghost, amateur HuFE
D:6 Menkaure
D:13 exclusions: Rupert and 4 more exclusions, Azrael; Rupert
Lair:6 exclusion: downstairs
Snake:4 1 runed door


Innate Abilities, Weirdness & Mutations

You revert to your normal form in water.
You are very nimble and swift while swimming.
You have a pair of small antennae on your head.
You are resistant to hostile enchantments.


Message History

The bolt hits you!!
* * * LOW HITPOINT WARNING * * *
The salamander mystic casts a spell at the naga warrior.
The naga warrior seems to speed up.
The lindwurm closely misses you.
The lindwurm claws you but does no damage.
The lindwurm closely misses you.
The salamander mystic hits you with a quarterstaff.
* * * LOW HITPOINT WARNING * * *
You are engulfed in flames!
You resist.
* * * LOW HITPOINT WARNING * * *
The guardian serpent casts a spell at you.
The bolt of poison misses you.
The bolt of poison hits the naga warrior.
The naga warrior is poisoned.
Your lightning spire shoots out a bolt of lightning at the lindwurm!
The bolt of electricity hits the lindwurm. x2
The bolt of electricity hits the naga sharpshooter.
The bolt of electricity hits the naga warrior.
The naga warrior hits you with a battleaxe!!
You die...

≈≈ ≈ , *, ≈≈≈≈§. ≈ ≈≈≈§≈§ *
##### ..§§≈≈§≈≈≈§≈..###..♣###
.≈≈§≈§§≈≈≈§≈≈.##.♣...##
.§≈§N≈§≈§≈§≈≈.#8......#
.≈≈≈≈N§§§≈≈≈§.'.......#
.§§§§≈≈§§§§§≈.#kNN....# ###
%.§≈§≈≈≈§§≈§..##@N...#####.##
#.§§§≈≈≈≈§§§.##S#N..##))....#
#..§§≈≈§≈≈≈..#..'#####(#()..#
##§§N§≈≈≈≈..##.(.#≈≈≈(.#....##
.##.§...N..##§§§##§≈≈..#.#.[(#
..###.S..###§§S##§§§).##.#...#
....######..N.##≈.≈.§###.#...#
#.(.(.))(()..##≈≈§(.##...#...#
##.(........##≈≈§..###...##.##


You could see a naga warrior, a naga sharpshooter, 2 salamander mystics, a
lindwurm, 2 guardian serpents and a friendly lightning spire.

Vanquished Creatures
  2 greater nagas
  Maud (Lair:8)
  A stone giant (Orc:2)
  Josephine (D:11)
  Fannar (D:11)
  A catoblepas (Lair:8)
  7 naga warriors
  8 hydras
  A ghost crab (Swamp:4)
  6 anacondas
  3 alligators
  A deep troll shaman (Lair:8)
  The ghost of Akett the Poker, a novice DgAE (D:9)
  5 death yaks (Lair:8)
  An orc high priest (Orc:2)
  3 naga sharpshooters
  2 shock serpents (Snake:3)
  A spriggan berserker (Swamp:3)
  Nergalle (D:10)
  2 unseen horrors
  3 salamander mystics
  The ghost of chicagocrazy the Covert, a novice SpAr of Pakellas (D:12)
  13 swamp dragons
  2 naga ritualists (Snake:3)
  2 spriggan druids (Swamp:3)
  A hill giant (D:11)
  A lindwurm (Snake:4)
  An orc knight (Orc:2)
  A shambling mangrove (Swamp:2)
  A deep elf mage (Orc:1)
  5 mana vipers
  2 manticores
  A hornet (Swamp:3)
  10 ugly things
  An orc sorcerer (Orc:2)
  5 salamanders
  12 elephants
  14 naga magi
  36 black mambas
  3 guardian serpents
  18 spiny frogs
  A torpor snail (Lair:4)
  A centaur skeleton (D:13)
  2 rime drakes
  10 komodo dragons
  7 trolls
  2 polar bears (Lair:8)
  5 giant leeches
  8 slime creatures
  4 two-headed ogres
  Prince Ribbit (D:7)
  8 blink frogs
  Sigmund (D:3)
  4 wraiths
  2 wyverns
  5 spriggans
  A shadow (Swamp:1)
  44 yaks
  Eustachio (D:5)
  4 hippogriffs
  A hungry ghost (D:12)
  2 steam dragons (D:7)
  8 vampire mosquitoes
  Edmund (D:4)
  28 nagas
  A mottled dragon (D:11)
  10 insubstantial wisps
  2 wargs (Orc:2)
  A hell hound (D:13)
  12 swamp worms
  14 water moccasins
  11 porcupines
  15 orc warriors
  11 swamp drakes
  5 sky beasts
  An eye of draining (D:12)
  2 ice beasts
  12 wasps
  13 ogres
  3 necrophages
  2 phantoms
  15 wolves
  11 centaurs
  9 crocodiles
  Blork the orc (D:6)
  A big kobold (D:7)
  17 giant frogs
  A gnoll sergeant (D:9)
  A wyvern zombie (D:8)
  A wyvern skeleton (D:11)
  A water moccasin skeleton (D:5)
  8 scorpions
  43 killer bees
  A troll skeleton (D:8)
  14 wights
  2 vampire bats (D:13)
  2 electric eels
  2 howler monkeys
  11 bog bodies
  6 crimson imps
  A quasit (D:8)
  2 giant frog zombies
  4 centaur zombies
  2 jellies
  17 orc priests
  7 hounds
  4 human zombies (D:8)
  An iron imp (Orc:1)
  8 giant frog skeletons
  A human skeleton (D:8)
  12 iguanas
  27 orc wizards
  7 worker ants
  A killer bee zombie (D:11)
  6 sheep
  7 mummies
  8 gnolls
  2 howler monkey skeletons
  9 adders
  34 river rats
  5 shadow imps
  A white imp (Orc:1)
  An adder skeleton (D:6)
  2 adder zombies
  4 worms
  A dart slug (D:1)
  6 giant geckos
  64 orcs
  4 ball pythons
  5 giant cockroaches
  7 hobgoblins
  6 jackals
  3 quokkas
  15 bats
  7 giant newts
  10 goblins
  2 jackal skeletons
  13 kobolds
  3 quokka zombies
  34 rats
  A spectral orc (D:9)
  A bush (Lair:3)
  A butterfly (D:2)
951 creatures vanquished.

Vanquished Creatures (collateral kills)
  the Lernaean hydra (Swamp:4)
  4 greater nagas (Snake:4)
  A thorn hunter (Swamp:3)
  An orc warlord (Orc:2)
  7 naga warriors
  18 hydras
  A ghost crab (Swamp:2)
  A centaur warrior (D:12)
  11 death yaks
  An alligator (Swamp:4)
  5 naga sharpshooters
  A shock serpent (Snake:3)
  2 swamp dragons (Swamp:4)
  3 naga ritualists
  2 lindwurms (Snake:4)
  A mana viper (Snake:2)
  4 orc knights
  2 orc sorcerers (Orc:2)
  A deep elf mage (Orc:1)
  A salamander (Snake:3)
  3 ugly things
  9 elephants
  A hornet (Swamp:3)
  8 black mambas
  3 guardian serpents
  9 naga magi
  A spiny frog (Swamp:4)
  A rime drake (Lair:7)
  A giant leech (Swamp:2)
  A troll (Orc:2)
  5 slime creatures
  5 blink frogs
  5 bog bodies (Swamp:4)
  5 spriggans
  A basilisk (Lair:7)
  11 yaks
  3 vampire mosquitoes
  25 nagas
  3 swamp worms
  A water moccasin (Lair:7)
  A hell hound (D:12)
  3 orc warriors
  6 swamp drakes
  5 wasps
  6 wolves
  A centaur (D:13)
  A crocodile (Lair:6)
  A scorpion (D:4)
  3 killer bees
  An orc priest (Orc:1)
  3 orc wizards (Orc:2)
  3 worker ants
  3 adders
  3 gnolls
  3 worms
  A dart slug (D:1)
  4 orcs
  A jackal (D:2)
  A kobold (D:2)
  3 fungi
222 creatures vanquished.

Vanquished Creatures (others)
  A naga mage (Snake:3)
  A queen bee (Lair:2)
  6 dancing weapons
  A naga (Snake:3)
  A wasp (Swamp:3)
  An ogre (D:7)
  A crocodile (D:2)
  25 fungi
  10 plants
  A snaplasher vine (Snake:4)
  409 snaplasher vine segments
  A withered plant (Ossuary)
458 creatures vanquished.

Grand Total: 1631 creatures vanquished

Notes
Turn   | Place    | Note
--------------------------------------------------------------
     0 | D:1      | vale the Merfolk Wizard began the quest for the Orb.
     0 | D:1      | Reached XP level 1. HP: 13/13 MP: 4/4
    32 | D:1      | Reached skill level 1 in Conjurations
   780 | D:1      | Reached XP level 2. HP: 19/19 MP: 4/6
   788 | D:1      | Learned a level 2 spell: Call Imp
   791 | D:1      | Learned a level 2 spell: Blink
  1635 | D:1      | Reached XP level 3. HP: 24/24 MP: 5/7
  2168 | D:2      | Learned a level 3 spell: Mephitic Cloud
  2298 | D:2      | Gained mutation: You can translocate small distances at will. [potion of mutation]
  2298 | D:2      | Gained mutation: You expend magic power (3 MP) to strengthen your wands. [potion of mutation]
  2298 | D:2      | Lost mutation: You can translocate small distances at will. [potion of mutation]
  2678 | D:2      | Found a shimmering altar of Xom.
  2802 | D:2      | Found an oddly glowing altar of Pakellas.
  2802 | D:2      | Noticed an orange crystal statue
  2806 | D:2      | Noticed a crocodile
  2822 | D:2      | Killed a crocodile
  2974 | D:2      | Reached XP level 4. HP: 22/30 MP: 1/8
  3231 | D:3      | Noticed Endobalistic's ghost (amateur HuFE)
  3625 | D:3      | Noticed Sigmund
  3689 | D:3      | Found a sparkling altar of Nemelex Xobeh.
  4294 | D:4      | HP: 1/30 [gnoll/club (3)]
  4315 | D:5      | Entered Level 5 of the Dungeon
  4570 | D:5      | Reached XP level 5. HP: 11/35 MP: 0/9
  5724 | D:5      | Learned a level 3 spell: Conjure Flame
  5729 | D:5      | Reached XP level 6. HP: 37/41 MP: 8/12
  6158 | D:5      | Noticed a sky beast
  6245 | D:5      | Noticed Eustachio
  6397 | D:5      | Found Uzatuedi's Magic Scroll Shoppe.
  6451 | D:6      | Noticed a yak
  6451 | D:6      | Noticed a yak
  6451 | D:6      | Noticed a yak
  6451 | D:6      | Noticed a yak
  6451 | D:6      | Noticed a yak
  6452 | D:6      | Noticed a yak
  6486 | D:5      | Bought a scroll of remove curse for 30 gold pieces
  6486 | D:5      | Bought a scroll of summoning for 95 gold pieces
  6486 | D:5      | Bought a scroll of identify for 20 gold pieces
  6486 | D:5      | Bought a scroll of fear for 35 gold pieces
  7108 | D:1      | this sucks
  8016 | D:4      | Learned a level 2 spell: Repel Missiles
  8861 | D:4      | Noticed Edmund
  8945 | D:4      | Reached XP level 7. HP: 46/46 MP: 2/14
  9509 | D:4      | Killed Edmund
  9509 | D:4      | Reached skill level 5 in Conjurations
  9754 | D:3      | Killed Sigmund
 10169 | D:4      | Reached XP level 8. HP: 41/52 MP: 0/15
 10296 | D:4      | Reached skill level 1 in Polearms
 10381 | D:4      | Found a shattered altar of Ashenzari.
 10385 | D:4      | Became a worshipper of Ashenzari the Shackled
 10430 | D:4      | Reached skill level 2 in Polearms
 10729 | D:4      | Reached skill level 3 in Polearms
 10729 | D:4      | Reached skill level 5 in Dodging
 10937 | D:5      | Killed Eustachio
 10937 | D:5      | Reached skill level 4 in Polearms
 11158 | D:6      | Noticed Blork the orc
 11183 | D:6      | Killed Blork the orc
 11380 | D:6      | Gained mutation: You have a pair of small antennae on your head. [potion of beneficial mutation]
 11456 | D:6      | Noticed Menkaure
 11747 | D:6      | Killed a yak
 11747 | D:6      | Reached skill level 5 in Polearms
 11747 | D:6      | Reached XP level 9. HP: 57/57 MP: 8/16
 11878 | D:6      | Reached skill level 6 in Polearms
 12387 | D:6      | Reached skill level 10 in Dodging
 12960 | D:5      | Learned a level 3 spell: Stone Arrow
 13945 | D:6      | Reached skill level 5 in Spellcasting
 14022 | D:6      | Reached skill level 1 in Fighting
 14440 | D:7      | Found a sand-covered staircase.
 14445 | Ossuary  | Entered an ossuary
 14607 | Ossuary  | Noticed MetaCosm's ghost (amateur SpWr)
 14704 | D:7      | Noticed Prince Ribbit
 14957 | D:7      | Reached XP level 10. HP: 67/69 MP: 12/19
 15247 | D:7      | Found a shattered altar of Ashenzari.
 16500 | D:8      | Found an ancient bone altar of Kikubaaqudgha.
 16831 | D:8      | Found Pixaxiul's General Store.
 16845 | D:8      | Reached skill level 5 in Fighting
 16880 | D:8      | Found a sacrificial altar of Ru.
 16911 | D:8      | Bought a potion of invisibility for 104 gold pieces
 16911 | D:8      | Bought a scroll of fog for 26 gold pieces
 17405 | D:8      | Lost mutation: You expend magic power (3 MP) to strengthen your wands. [potion of cure mutation]
 17488 | D:9      | Reached skill level 7 in Polearms
 17531 | D:9      | Noticed Akett's ghost (novice DgAE)
 18144 | D:9      | Reached skill level 8 in Polearms
 18154 | D:9      | Noticed a brown ugly thing
 18165 | D:9      | Killed a brown ugly thing
 18165 | D:9      | Reached skill level 1 in Earth Magic
 18363 | D:9      | Reached * piety under Ashenzari
 18394 | D:9      | Found an opulent altar of Gozag.
 18536 | D:9      | Reached XP level 11. HP: 77/81 MP: 20/23
 18606 | D:9      | Reached skill level 9 in Polearms
 18662 | D:9      | Found a basalt altar of Yredelemnul.
 18728 | D:10     | Entered Level 10 of the Dungeon
 18909 | D:9      | Found a staircase to the Orcish Mines.
 19158 | D:10     | Noticed Nergalle
 19291 | D:10     | Killed Nergalle
 19712 | D:10     | Reached skill level 10 in Polearms
 19921 | D:10     | Gained mutation: You are resistant to hostile enchantments. [potion of beneficial mutation]
 20862 | D:11     | Noticed Josephine
 20896 | D:11     | Reached skill level 1 in Translocations
 21078 | D:11     | Noticed a hill giant
 21091 | D:11     | Killed a hill giant
 21091 | D:11     | Reached skill level 11 in Polearms
 21776 | D:11     | Found an iron altar of Okawaru.
 21836 | D:11     | Noticed Fannar
 21877 | D:11     | Killed Fannar
 22151 | D:11     | Reached skill level 12 in Polearms
 22206 | D:11     | Killed Josephine
 22598 | D:7      | Killed Prince Ribbit
 22615 | D:7      | Found a deep blue altar of Sif Muna.
 23078 | D:9      | Found a staircase to the Lair.
 23087 | Lair:1   | Entered Level 1 of the Lair of Beasts
 23246 | Lair:1   | Reached XP level 12. HP: 78/92 MP: 12/24
 23285 | Lair:1   | Reached skill level 13 in Polearms
 23532 | Lair:1   | Reached ** piety under Ashenzari
 24579 | Lair:2   | Learned a level 4 spell: Summon Ice Beast
 24584 | Lair:2   | Learned a level 4 spell: Summon Lightning Spire
 24730 | Lair:2   | Reached skill level 14 in Polearms
 25584 | Lair:3   | Reached skill level 1 in Air Magic
 26061 | Lair:3   | Reached skill level 5 in Summonings
 26139 | Lair:3   | Found a staircase to the Snake Pit.
 27449 | Lair:4   | Reached XP level 13. HP: 102/102 MP: 10/25
 27819 | Lair:4   | Reached *** piety under Ashenzari
 28448 | Lair:4   | Reached skill level 10 in Fighting
 28893 | Lair:5   | Found a staircase to the Swamp.
 29766 | Lair:6   | Reached skill level 1 in Ice Magic
 31096 | Lair:8   | Entered Level 8 of the Lair of Beasts
 31096 | Lair:8   | Reached **** piety under Ashenzari
 31170 | Lair:8   | Noticed Maud
 31194 | Lair:8   | Killed Maud
 32956 | Lair:7   | Reached XP level 14. HP: 108/111 MP: 17/26
 33618 | Lair:7   | Found a staircase to the Slime Pits.
 33620 | Lair:7   | well there you go
 33625 | Lair:7   | Found a viscous altar of Jiyva.
 36294 | Lair:8   | Reached skill level 10 in Summonings
 36880 | D:12     | Noticed chicagocrazy's ghost (novice SpAr)
 36902 | D:12     | Killed chicagocrazy's ghost
 38523 | D:13     | Noticed Azrael
 38722 | Orc:1    | Entered Level 1 of the Orcish Mines
 39381 | Orc:2    | Entered Level 2 of the Orcish Mines
 39534 | Orc:1    | Found a roughly hewn altar of Beogh.
 39699 | Orc:2    | Found a staircase to the Elven Halls.
 39791 | Orc:2    | Reached XP level 15. HP: 119/122 MP: 21/28
 40355 | Orc:2    | Reached skill level 15 in Dodging
 40517 | Orc:2    | Found Xoaz's General Store.
 40517 | Orc:2    | Noticed an orc warlord
 40784 | Orc:2    | Reached skill level 15 in Polearms
 41151 | Orc:2    | Killed an orc warlord
 41483 | Orc:2    | Found a roughly hewn altar of Beogh.
 41724 | Orc:2    | Found Zeetz's Antique Weapon Shop.
 41823 | Orc:2    | Found Icaecy's Book Shop.
 42090 | Orc:2    | Found Puzumm's Antique Armour Shop.
 42802 | D:13     | Noticed Rupert
 42811 | D:13     | Found Poxaargh's Jewellery Shoppe.
 43030 | D:9      | Killed Akett's ghost
 43186 | Swamp:1  | Entered Level 1 of the Swamp
 43962 | Swamp:1  | Reached skill level 1 in Armour
 44211 | Swamp:1  | Reached skill level 16 in Polearms
 47101 | Swamp:3  | Noticed a thorn hunter
 47129 | Swamp:3  | Killed a thorn hunter
 47371 | Swamp:3  | Reached XP level 16. HP: 111/128 MP: 11/29
 47853 | Swamp:3  | Reached skill level 5 in Armour
 47899 | Swamp:3  | Reached ***** piety under Ashenzari
 49176 | Lair:1   | Learned a level 5 spell: Summon Forest
 49180 | Lair:1   | Learned a level 3 spell: Tukima's Dance
 49182 | Lair:1   | Learned a level 1 spell: Apportation
 49362 | D:13     | Bought the amulet "Zeihir" {Faith rPois rC+ Int+4} for 999 gold pieces
 49607 | Snake:1  | Entered Level 1 of the Snake Pit
 49857 | Snake:1  | Found Xaiguax's Distillery.
 49864 | Snake:1  | Bought a potion of heal wounds for 85 gold pieces
 49864 | Snake:1  | Bought a potion of curing for 51 gold pieces
 49864 | Snake:1  | Bought a potion of curing for 51 gold pieces
 50181 | Snake:1  | Found Yhuwimp's Distillery.
 50188 | Snake:1  | Bought a potion of heal wounds for 100 gold pieces
 50188 | Snake:1  | Bought a potion of curing for 60 gold pieces
 50188 | Snake:1  | Bought a potion of curing for 60 gold pieces
 50188 | Snake:1  | Bought a potion of curing for 60 gold pieces
 50188 | Snake:1  | Bought a potion of agility for 80 gold pieces
 50345 | Snake:2  | Reached skill level 1 in Charms
 50590 | Snake:1  | Reached skill level 1 in Hexes
 50854 | Snake:2  | Identified the +0 hunting sling of World's End {flame, Fragile +Inv rF+ Dex+3}
 50854 | Snake:2  | Identified the cursed +0 battleaxe of Bextafooff {flame, +Inv} (You found it on level 8 of the Lair of Beasts)
 50874 | Snake:2  | Found a deep blue altar of Sif Muna.
 51949 | Snake:3  | Noticed a greater naga
 52637 | Snake:3  | Identified the +5 flail "Jotas" {venom, Str+3 Dex+2}
 54764 | Snake:3  | Killed a greater naga
 55113 | Swamp:4  | Entered Level 4 of the Swamp
 55149 | Swamp:4  | Reached XP level 17. HP: 118/137 MP: 13/30
 56582 | Swamp:4  | Noticed the 27-headed Lernaean hydra
 56615 | Swamp:4  | Killed the 27-headed Lernaean hydra
 56806 | Swamp:4  | Got a decaying rune of Zot
 56890 | Swamp:4  | Got the uncursed leather armour "Sagoisae" {rN+ Int+6}
 56901 | Swamp:4  | Identified the +3 leather armour "Sagoisae" {rN+ Int+6} (You found it on level 4 of the Swamp)
 57576 | Snake:4  | Entered Level 4 of the Snake Pit
 57616 | Snake:4  | Found Dibbo's Food Emporium.
 58138 | Snake:4  | Found a runed door.
 58244 | Snake:4  | Reached skill level 5 in Stealth
 58585 | Snake:4  | Reached skill level 10 in Spellcasting
 58934 | Snake:4  | Reached skill level 15 in Fighting
 60308 | Snake:4  | Mangled by a naga warrior

Skill      XL: |  1  2  3  4  5  6  7  8  9 10 11 12 13 14 15 16 17 |
---------------+----------------------------------------------------+-----
Conjurations   | 1 2 3 4 6 7 |  7.0
Spellcasting   | 4 6 8 9 10 | 10.4
Dodging        | 7 10 11 13 14 15 | 15.0
Polearms       | 5 6 8 12 14 16 | 16.2
Fighting       | 2 5 8 9 10 12 13 15 | 15.5
Earth Magic    | 1 2 |  2.6
Translocations | 3 |  3.0
Summonings     | 6 9 10 11 13 | 13.0
Air Magic      | 1 3 4 |  4.0
Ice Magic      | 3 |  3.5
Armour         | 4 5 |  5.8
Charms         | 4 |  4.9
Hexes          | 4 |  4.4
Stealth        | 6 |  6.0

Action                   |  1- 3 |  4- 6 |  7- 9 | 10-12 | 13-15 | 16-18 || total
-------------------------+-------+-------+-------+-------+-------+-------++-------
Melee: Dagger            |    12 |    44 |    12 |     7 |       |       ||    75
       Halberd           |       |     4 |    41 |       |       |       ||    45
       Trident           |       |       |   237 |  1024 |  1272 |       ||  2533
       Tailslap          |       |       |       |     1 |     2 |     5 ||     8
       Glaive            |       |       |       |       |   574 |   955 ||  1529
Throw: Stone             |     2 |     4 |       |       |       |       ||     6
       Tomahawk          |       |       |     2 |       |       |       ||     2
 Cast: Magic Dart        |   103 |   187 |   242 |   135 |   160 |    38 ||   865
       Call Imp          |     6 |    32 |    10 |       |     2 |       ||    50
       Mephitic Cloud    |       |    15 |    23 |    68 |    74 |    17 ||   197
       Blink             |       |     5 |     4 |     4 |    24 |     5 ||    42
       Conjure Flame     |       |     6 |    36 |    73 |    87 |    33 ||   235
       Repel Missiles    |       |     1 |     1 |     1 |     3 |    10 ||    16
       Stone Arrow       |       |       |       |   183 |   215 |    69 ||   467
       Summon Lightning  |       |       |       |       |    84 |    58 ||   142
       Summon Ice Beast  |       |       |       |       |    70 |    92 ||   162
       Tukima's Dance    |       |       |       |       |       |    59 ||    59
       Summon Forest     |       |       |       |       |       |    22 ||    22
       Apportation       |       |       |       |       |       |    10 ||    10
Invok: Scrying           |       |       |       |     1 |     4 |     6 ||    11
       Curse Item        |       |       |       |       |     4 |     2 ||     6
Evoke: Wand              |       |       |     6 |     3 |     5 |     3 ||    17
       Sack of spiders   |       |       |       |       |     2 |       ||     2
  Use: Scroll            |     4 |     8 |     4 |     9 |     8 |     9 ||    42
       Potion            |     1 |     6 |     1 |     2 |       |     2 ||    12
 Stab: Distracted        |       |     1 |       |       |    15 |    19 ||    35
       Confused          |       |       |    13 |    36 |    54 |     4 ||   107
       Sleeping          |       |       |       |     4 |     7 |     3 ||    14
       Paralysed         |       |       |       |     1 |       |       ||     1
  Eat: Chunk             |     5 |     8 |    18 |    29 |    52 |     8 ||   120
       Bread ration      |       |     3 |       |       |       |       ||     3
       Fruit             |       |     1 |     1 |       |     1 |       ||     3
       Meat ration       |       |       |     1 |     1 |     2 |     3 ||     7
       Beef jerky        |       |       |       |     1 |       |       ||     1
       Royal jelly       |       |       |       |     2 |     4 |     9 ||    15
       Pizza             |       |       |       |       |     1 |     2 ||     3
Armor: Robe              |    10 |    17 |    19 |     2 |       |       ||    48
       Skin              |       |     9 |       |       |       |       ||     9
       Steam dragon armo |       |       |       |    90 |   241 |   154 ||   485
Dodge: Dodged            |    27 |    60 |    93 |   357 |   877 |   649 ||  2063
       Deflected         |       |     1 |     3 |     3 |     8 |    65 ||    80
